 Dungeon Crawl Stone Soup version 0.26-a0-682-g294304f6e8 (webtiles) character file.

Game seed: 2086346006894216249

168 DogServant the Covered (level 5, -3/41 HPs)
             Began as a Demonspawn Fighter on Oct 20, 2020.
             Slain by an orc priest
             ... wielding a +0 flail
              (6 damage)
             ... on level 3 of the Dungeon.
             The game lasted 00:03:06 (1913 turns).

DogServant the Covered (Demonspawn Fighter)         Turns: 1913, Time: 00:03:07

Health: -3/41      AC: 10    Str: 18    XL:     5   Next: 23%
Magic:  5/5        EV:  7    Int:  9    God:
Gold:   105        SH:  8    Dex: 12    Spells: 4/4 levels left

rFire    . . .     SeeInvis .   a - +0 war axe
rCold    . . .     Faith    .   c - +0 kite shield
rNeg     . . .     Spirit   .   b - +0 scale mail
rPois    .         Reflect  .   (no helmet)
rElec    .         Harm     .   (no cloak)
rCorr    .         Rampage  .   (no gloves)
MR       .....                  k - +2 pair of boots
Stlth    ..........             (no amulet)
HPRegen  0.13/turn              (no ring)
MPRegen  0.09/turn              (no ring)

@: no status effects
A: hooves 1, powered by pain 2
a: no special abilities


You were on level 3 of the Dungeon.
You visited 1 branch of the dungeon, and saw 3 of its levels.

You collected 105 gold pieces.

Inventory:

Hand Weapons
 a - a +0 war axe (weapon)
 h - a +0 club
Missiles
 l - 2 atropa-tipped darts (quivered)
 m - 4 poisoned darts
Armour
 b - a +0 scale mail (worn)
 c - a +0 kite shield (worn)
 k - a +2 pair of boots (worn)
Scrolls
 e - a scroll of identify
 i - 2 scrolls of remove curse
Potions
 d - a potion of might
 f - a potion of lignification {unknown}
 j - a potion of magic


   Skills:
 - Level 3.0 Fighting
 + Level 3.7 Axes
 + Level 4.3 Armour
 - Level 2.6 Shields


You had 4 spell levels left.
You didn't know any spells.
Your spell library was empty.

Dungeon Overview and Level Annotations

Branches:
Dungeon (3/15)

Altars:
Fedhas
Gozag
Makhleb
Nemelex Xobeh
Qazlal
Xom
The Shining One


Innate Abilities, Weirdness & Mutations

You have large cloven feet.
You sometimes gain power by taking damage.


Message History

You slash the orc!
You kill the orc!
You slash the orc priest!
The orc priest is heavily wounded.
The orc priest miscasts a cantrip.
You block the orc priest's attack.
You slash the orc priest!
You kill the orc priest!
The orc priest invokes the aid of Beogh against you.
Beogh smites you!
* * * LOW HITPOINT WARNING * * *
The orc priest hits you with a +0 flail.
* * * LOW HITPOINT WARNING * * *
There is an open door here.
Items here: )) [ †.
Unknown command.
You hit the orc priest.
The orc priest is lightly wounded.
The orc priest hits you with a +0 flail.
You die...

#.......†#####
#............#
########.....####
#>........
##....####
###.#.....#
#.).......#
#.#.......###+##.#
#.#.......@o.....#
#.#.......#.......
#.###.....#.....#.
#......#'##.....#
########.# †(...#
#.# .....# #.#
.....# #.# .(.?.#
..#


You could see an orc priest.

Vanquished Creatures
  A crimson imp (D:3)
  An orc priest (D:3)
  3 adders
  A worm (D:2)
  2 dart slugs
  3 leopard geckos (D:1)
  2 orcs (D:3)
  9 giant cockroaches
  8 goblins
  8 hobgoblins
  2 jackals (D:1)
  8 kobolds
  A quokka (D:2)
  4 bats
  2 frilled lizards (D:1)
  7 rats
62 creatures vanquished.

Vanquished Creatures (others)
  4 plants (D:1)
4 creatures vanquished.

Grand Total: 66 creatures vanquished

Notes
Turn   | Place    | Note
-------+----------+-------------------------------------------
     0 | D:1      | DogServant the Demonspawn Fighter began the quest for the
                  | Orb.
     0 | D:1      | Reached XP level 1. HP: 18/18 MP: 1/1
   231 | D:1      | Reached skill level 3 in Armour
   255 | D:1      | Gained mutation: You sometimes gain a little power by
                  | taking damage. [demonic ancestry]
   255 | D:1      | Reached XP level 2. HP: 23/24 MP: 2/2
   503 | D:1      | Gained mutation: You have large cloven feet. [demonic
                  | ancestry]
   503 | D:1      | Reached XP level 3. HP: 25/29 MP: 3/3
  1468 | D:2      | Reached XP level 4. HP: 35/35 MP: 4/4
  1470 | D:2      | Found a stormy altar of Qazlal.
  1569 | D:2      | Found an opulent altar of Gozag.
  1702 | D:2      | Found a blossoming altar of Fedhas.
  1758 | D:2      | Found a glowing golden altar of the Shining One.
  1758 | D:2      | Found a sparkling altar of Nemelex Xobeh.
  1859 | D:3      | Found a burning altar of Makhleb.
  1860 | D:3      | Found a shimmering altar of Xom.
  1867 | D:3      | Reached skill level 4 in Armour
  1906 | D:3      | Gained mutation: You sometimes gain power by taking damage.
                  | [demonic ancestry]
  1906 | D:3      | Reached XP level 5. HP: 19/41 MP: 5/5
  1913 | D:3      | Slain by an orc priest

Illustrated notes

Levels and vault maps discovered:
D:1:      dpeg_arrival_rhombi, layout_loops_ring, serial_bayou_lake_a
D:2:      layout_rooms, fedhas_altar_4, lemuel_coloured_pillars_altar,
          gammafunk_temple_overflow_elements, nicolae_gozag_seed_capital
D:3:      layout_basic, grunt_temple_overflow_champion_of_chaos,
          chequers_ecumenical_altar_lobes

Skill      XL: |  1  2  3  4 |
---------------+-------------+-----
Axes           | 2 3 |  3.7
Armour         | 3 4 |  4.3
Fighting       | |  3.0
Shields        | |  2.6

Action                   |  1- 3 |  4- 6 || total
-------------------------+-------+-------++-------
Melee: War axe           |   151 |    37 ||   188
Throw: Dart              |       |     4 ||     4
  Use: Scroll            |     3 |     1 ||     4
Armor: Scale mail        |    93 |    14 ||   107
Dodge: Dodged            |    43 |    16 ||    59
Block: Kite shield       |    80 |    17 ||    97

Table legend: (Time is in decaauts)
 A = Elapsed time spent in this place.
 B = Non-inter-level travel time spent in this place.
 C = Inter-level travel time spent in this place.
 D = Time resting spent in this place.
 E = Time spent auto-exploring this place.
 F = Levels seen in this place.
 G = Mean time per level.
                   A        B        C        D        E       F      G
               +--------+--------+--------+--------+--------+-----+--------+
         Total |   2030 |   1969 |     61 |    341 |   1181 |   3 |  676.7 |
       Dungeon |   2030 |   1969 |     61 |    341 |   1181 |   3 |  676.7 |
               +--------+--------+--------+--------+--------+-----+--------+

Top non-repeatable levels by time:
     D:1: 1064 daAuts
     D:2: 874 daAuts
     D:3: 91 daAuts
